[Event "*** Titled Tuesday Blitz"]
[Site "Chess.com"]
[Date "2021.03.30"]
[Round "6"]
[White "AthanasiusLefebvre"]
[Black "DonPreuss"]
[Result "1-0"]
[WhiteElo "2051"]
[BlackElo "2266"]
[TimeControl "180+1"]
[EndTime "11:05:41 PDT"]
[Termination "AthanasiusLefebvre won by resignation"]

1. Nf3 Nc6 2. d3 e5 3. g3 d5 4. Bg2 Bd6 5. O-O f5 6. c4 d4 7. e3 dxe3 8. Bxe3 Nf6 9. d4 e4 10. Nfd2 O-O 11. f3 Re8 12. fxe4 fxe4 13. Nc3 Ng4 14. Qe2 Nxe3 15. Qxe3 Bb4 16. d5 b6 17. Kh1 Bc5 18. Qf4 Nd4 19. Qf7+ Kh8 20. Ndxe4 Rf8 21. Qh5 Bf5 22. Nxc5 bxc5 23. d6 cxd6 24. g4 Bg6 25. Qd5 Rb8 26. Rxf8+ Qxf8 27. Rf1 Qe7 28. Ne4 Rxb2 29.
Qa8+ Be8 30. Nxd6 Re2 31. Nxe8 Qxe8 32. Rf8+ 1-0

[Event "*** Titled Tuesday Blitz"]
[Site "Chess.com"]
[Date "2021.03.30"]
[Round "6"]
[White "davidkalashian"]
[Black "NoGuru"]
[Result "1-0"]
[WhiteElo "2537"]
[BlackElo "2333"]
[TimeControl "180+1"]
[EndTime "11:05:42 PDT"]
[Termination "davidkalashian won by checkmate"]

1. e4 c6 2. d4 d5 3. Nc3 dxe4 4. Nxe4 Bf5 5. Ng3 Bg6 6. h4 h6 7. Nf3 Nd7 8. h5 Bh7 9. Bd3 Bxd3 10. Qxd3 e6 11. Bf4 Qa5+ 12. Bd2 Bb4 13. c3 Be7 14. c4 Qc7 15. O-O-O Ngf6 16. Ne4 c5 17. Bc3 cxd4 18.
Nxf6+ Bxf6 19. Bxd4 Rc8 20. Bxf6 Nxf6 21. Rh4 O-O 22.
Kb1 Rfd8 23. Qe2 Rxd1+ 24. Qxd1 Qc5 25. Rd4 Qf5+ 26. Ka1 Qxh5 27. a3 Qc5 28. Qd3 g6 29. Qe3 Kg7 30. Ne5 Ng8 31. Rd7 Qxe3 32. Rxf7+ Kh8 33.
Nxg6# 1-0

[Event "*** Titled Tuesday Blitz"]
[Site "Chess.com"]
[Date "2021.03.30"]
[Round "6"]
[White "xozr"]
[Black "Horizonevent"]
[Result "0-1"]
[WhiteElo "2324"]
[BlackElo "2521"]
[TimeControl "180+1"]
[EndTime "11:05:43 PDT"]
[Termination "Horizonevent won by resignation"]

1. e4 e5 2. Nf3 Nc6 3. Bb5 a6 4. Bxc6 dxc6 5. O-O Bg4 6. h3 h5 7. d3 Qf6 8. Nbd2 Ne7 9. Qe2 Ng6 10. Qe3 Nf4 11.
Nc4 Nxh3+ 12. gxh3 Bxf3 13. Nxe5 Qxe5 14. Qxf3 Bd6 15.
Qg2 O-O-O 16. c3 c5 17. Be3 g5 18. d4 cxd4 19. Bxd4 Qf4 20. Bxh8 Rxh8 21. Rad1 g4 22. h4 Re8 23. Rfe1 Bc5 24. Rd5 Bb6 25. c4 c6 26. Rf5 Qxf5 27. c5 Bxc5 28. b4 Bxb4 29. Rb1 Qxe4 0-1

[Event "*** Titled Tuesday Blitz"]
[Site "Chess.com"]
[Date "2021.03.30"]
[Round "6"]
[White "gaby_przz"]
[Black "pavelalexandru07"]
[Result "1-0"]
[WhiteElo "2466"]
[BlackElo "2298"]
[TimeControl "180+1"]
[EndTime "11:05:43 PDT"]
[Termination "gaby_przz won on time"]

1. e4 c5 2. Nf3 d6 3. d4 cxd4 4. Nxd4 Nf6 5. Nc3 a6 6. h3 e5 7. Nde2 h5 8. Bg5 Be7 9. g3 Be6 10. Bg2 b5 11. f4 b4 12. Nd5 Bxd5 13. exd5 Nbd7 14. O-O h4 15. g4 Rc8 16. Qd2 a5 17.
fxe5 Nxe5 18. Nd4 Qb6 19. Kh1 Nc4 20. Qf2 O-O 21. Nf5 Bd8 22. Qxh4 Ne5 23. Nxg7 Kxg7 24.
Rxf6 Bxf6 25. Bxf6+ 1-0

[Event "*** Titled Tuesday Blitz"]
[Site "Chess.com"]
[Date "2021.03.30"]
[Round "6"]
[White "jcibarra"]
[Black "wonderfultime"]
[Result "1-0"]
[WhiteElo "2859"]
[BlackElo "2985"]
[TimeControl "180+1"]
[EndTime "11:05:44 PDT"]
[Termination "jcibarra won by resignation"]

1. e4 c5 2. Nc3 g6 3. Nf3 Bg7 4. d4 cxd4 5. Nxd4 Nc6 6. Be3 Nf6 7. Bc4 O-O 8. Bb3 d6 9. f3 Bd7 10. h4 h5 11. Qd2 Ne5 12. O-O-O Rc8 13. Kb1 Nc4 14.
Bxc4 Rxc4 15. Nb3 Qc7 16. Bd4 Be6 17. g4 hxg4 18. h5 Rxc3 19. Bxc3 gxf3 20. h6 Nxe4 21. h7+ Kh8 22. Bxg7+ Kxg7 23. Qh6+ Kf6 24. Qxf8 Bf5 25. h8=Q+ Ke6 26. Qc8+ Qxc8 27. Qxc8+ Ke5 28. Qxb7 f2 29. Qxe7+ Kf4 30. Nd4 g5 31. Nxf5 Kxf5 32. Qxf7+ Kg4 33. Rd4 1-0

[Event "*** Titled Tuesday Blitz"]
[Site "Chess.com"]
[Date "2021.03.30"]
[Round "6"]
[White "Bigfish1995"]
[Black "mbojan"]
[Result "1-0"]
[WhiteElo "3007"]
[BlackElo "2663"]
[TimeControl "180+1"]
[EndTime "11:05:44 PDT"]
[Termination "Bigfish1995 won by resignation"]

1. g4 g6 2. h4 h5 3. gxh5 Rxh5 4. e3 Nf6 5. Be2 Rh8 6. b3 e5 7. Bb2 d6 8. d4 Nbd7 9. Nf3 e4 10. Ng5 d5 11. c4 c6 12. Nc3 Nb6 13. Qc2 Bf5 14.
O-O-O a5 15. a4 Be7 16. Kb1 Rc8 17. Rdg1 Kf8 18. Qd1 Nh5 19. Bg4 Bxg4 20. Qxg4 Nd7 21. Nxf7 Kxf7 22. Qxg6+ Kf8 23. cxd5 Ndf6 24. dxc6 Rxc6 25.
Rg5 Qe8 26. Qf5 Qc8 27. Nxe4 Qxf5 28. Rxf5 Ng7 29. Rf3 Kg8 30. Nd2 Nd5 31. e4 Nb4 32. d5 Rg6 33. Rg3 Rxg3 34. fxg3 Nh5 35. Bxh8 Kxh8 36. g4 Bd6 1-0

[Event "*** Titled Tuesday Blitz"]
[Site "Chess.com"]
[Date "2021.03.30"]
[Round "6"]
[White "grandcoach"]
[Black "canary2016"]
[Result "0-1"]
[WhiteElo "2258"]
[BlackElo "2031"]
[TimeControl "180+1"]
[EndTime "11:05:45 PDT"]
[Termination "canary2016 won on time"]

1. e4 c6 2. d4 d5 3. e5 Bf5 4. Nf3 e6 5. Be2 Nd7 6. O-O Ne7 7. Nbd2 c5 8. c4 Nc6 9. cxd5 exd5 10. Qb3 Nb6 11.
dxc5 Bxc5 12. Qb5 Qe7 13. Nb3 Bb4 14. Bg5 Qd7 15. Rfd1 O-O 16. a3 Be7 17. Nc5 Bxc5 18. Qxc5 Rac8 19. a4 Be6 20. a5 Na8 21. Qd6 Qxd6 22.
exd6 f6 23. Bf4 Rfd8 24. Nd4 Bf7 25. Bg4 Nxd4 26. Rxd4 Rc6 27. Re1 Rc2 28. b4 b6 29. h3 bxa5 30. bxa5 Ra2 31. Re7 Rxa5 0-1

[Event "*** Titled Tuesday Blitz"]
[Site "Chess.com"]
[Date "2021.03.30"]
[Round "6"]
[White "Federtiu"]
[Black "liczner"]
[Result "0-1"]
[WhiteElo "2661"]
[BlackElo "2817"]
[TimeControl "180+1"]
[EndTime "11:05:46 PDT"]
[Termination "liczner won by resignation"]

1. e4 c6 2. d4 d5 3. e5 Bf5 4. Nf3 e6 5. Be2 Ne7 6. O-O Bg6 7. a4 c5 8. a5 a6 9. c4 cxd4 10. Nxd4 Nec6 11. cxd5 Qxd5 12. Ra4 Bxb1 13. Bf3 Qd7 14. Bf4 Bg6 15. Qb3 Nxd4 16. Rxd4 Qxd4 17. Rd1 Qb4 18. Bg5 Nc6 19. Bxc6+ bxc6 20. Qf3 Be4 21. Qe3 0-1

[Event "*** Titled Tuesday Blitz"]
[Site "Chess.com"]
[Date "2021.03.30"]
[Round "6"]
[White "frederiksvane"]
[Black "Sam_ChessMood"]
[Result "0-1"]
[WhiteElo "2696"]
[BlackElo "2870"]
[TimeControl "180+1"]
[EndTime "11:05:48 PDT"]
[Termination "Sam_ChessMood won by checkmate"]

1. e4 e5 2. Nf3 Nf6 3. Nxe5 d6 4.
Nf3 Nxe4 5. c4 Be7 6. Nc3 Ng5 7. d4 O-O 8. Be2 Nc6 9. O-O Bf6 10.
Nxg5 Bxg5 11. d5 Bxc1 12. Rxc1 Ne7 13. Re1 Ng6 14. Qd4 b6 15. Bd3 Bd7 16. Bxg6 fxg6 17.
Re3 Qg5 18. Rce1 Rf4 19. Ne4 Qh5 20. Qc3 Raf8 21. Qa3 a5 22. Qc3 g5 23. Ng3 Qg6 24. Re7 R4f7 25. h3 h6 26. f3 h5 27.
Kh2 g4 28. fxg4 hxg4 29. h4 Qh6 30. h5 Qg5 31. Rxf7 Rxf7 32. Qe3 Qh4+ 33. Kg1 Rf3 34.
gxf3 Qxg3+ 35. Kh1 gxf3 36. Rc1 Qg2# 0-1

[Event "*** Titled Tuesday Blitz"]
[Site "Chess.com"]
[Date "2021.03.30"]
[Round "6"]
[White "I_Enchev"]
[Black "Gabix_94"]
[Result "1-0"]
[WhiteElo "2553"]
[BlackElo "2769"]
[TimeControl "180+1"]
[EndTime "11:05:48 PDT"]
[Termination "I_Enchev won by checkmate"]

1. d4 Nf6 2. c4 c5 3. d5 g6 4. Nc3 Bg7 5. e4 d6 6. f3 O-O 7.
Nge2 e6 8. Ng3 exd5 9. cxd5 a6 10. a4 h5 11. Bg5 Qe8 12. Be2 Nh7 13. Be3 h4 14.
Nf1 Nd7 15. Nd2 f5 16. O-O f4 17. Bf2 h3 18. g4 Ne5 19. Nc4 Nxc4 20. Bxc4 Ng5 21. a5 Bd7 22. Kh1 Rb8 23. Na4 Nxe4 24. Nb6 Nxf2+ 25. Rxf2 Bb5 26. Qf1 Bd4 27. Re2 Bxc4 28.
Nxc4 Qd7 29. Re6 Kg7 30. Rae1 Rbe8 31. Qxh3 Rxe6 32. Rxe6 Rh8 33. Qf1 Qb5 34. Qd3 Kf8 35. Qxg6 Qa4 36. Qf5+ Kg8 37. Rg6+ Bg7 38. Qe6+ Kh7 39.
Rg5 Qd1+ 40. Kg2 Qc2+ 41. Kh3 Qd3 42. Rh5+ Bh6 43. Rxh6+ Kg7 44. Qf6+ Kg8 45. Rxh8# 1-0

[Event "*** Titled Tuesday Blitz"]
[Site "Chess.com"]
[Date "2021.03.30"]
[Round "6"]
[White "Lion-Al-Messi"]
[Black "Sadykov_Ramil"]
[Result "1-0"]
[WhiteElo "2495"]
[BlackElo "2591"]
[TimeControl "180+1"]
[EndTime "11:05:52 PDT"]
[Termination "Lion-Al-Messi won by checkmate"]

1. e4 c5 2. Nc3 Nc6 3. Nf3 e6 4.
d4 cxd4 5. Nxd4 d6 6. Be2 Nf6 7. Be3 Be7 8. f4 O-O 9. Qd2 e5 10. Nb3 exf4 11. Bxf4 Ne5 12. h3 Be6 13. O-O-O a6 14. g4 Rc8 15. g5 Nfd7 16. h4 b5 17. h5 b4 18. Nd5 Bxd5 19. exd5 a5 20. Nd4 Qb6 21. Nf5 Rfe8 22. Rdg1 Bf8 23. g6 fxg6 24. hxg6 Nxg6 25. Bd3 Nde5 26. Bxe5 dxe5 27. Qh2 h6 28.
Nxh6+ gxh6 29. Rxg6+ Qxg6 30. Bxg6 Re7 31. Bf5 Rd8 32.
Be6+ Kh8 33. Qxe5+ Bg7 34. Rxh6# 1-0

[Event "*** Titled Tuesday Blitz"]
[Site "Chess.com"]
[Date "2021.03.30"]
[Round "6"]
[White "Pelopidass"]
[Black "Bacyanide"]
[Result "1-0"]
[WhiteElo "2575"]
[BlackElo "2424"]
[TimeControl "180+1"]
[EndTime "11:05:52 PDT"]
[Termination "Pelopidass won by resignation"]

1. d4 Nf6 2. Nf3 e6 3. c4 d5 4. e3 Be7 5. Nbd2 O-O 6. Bd3 a6 7. b3 dxc4 8. bxc4 c5 9. Bb2 Nc6 10. O-O cxd4 11. exd4 b5 12. cxb5 Nb4 13. Be2 axb5 14.
Bxb5 Rxa2 15. Rxa2 Nxa2 16. Ne5 Nb4 17. Ndf3 Bb7 18. Ba3 Qb6 19. Qe2 Nfd5 20. Nd7 Qa5 21. Bxb4 Qxb4 22. Nxf8 Bxf8 23. Bd3 Nf4 24. Qe3 Bd6 25.
Rb1 Qa3 26. Bxh7+ Kxh7 27. Qxa3 Bxa3 28. Rxb7 f6 29. g3 Nd5 30. h4 Kg6 31. Kf1 Bf8 32.
Ke2 Kf5 33. Rf7 Bb4 34. Rxg7 Nc3+ 35. Kd3 Ne4 36. Ke3 e5 37. g4+ 1-0

[Event "*** Titled Tuesday Blitz"]
[Site "Chess.com"]
[Date "2021.03.30"]
[Round "6"]
[White "azikom"]
[Black "Eltaj_Safarli"]
[Result "0-1"]
[WhiteElo "2694"]
[BlackElo "2869"]
[TimeControl "180+1"]
[EndTime "11:05:53 PDT"]
[Termination "Eltaj_Safarli won on time"]

1. d4 Nf6 2. Nf3 g6 3. g3 Bg7 4.
Bg2 O-O 5. O-O d5 6. Nbd2 a5 7. c4 dxc4 8. Nxc4 Be6 9. Nce5 a4 10. Bf4 Bd5 11. a3 c6 12. Rc1 Nbd7 13. Qd2 Qb6 14.
Nxd7 Nxd7 15. Rfd1 Rfd8 16. Bg5 Nf6 17. Qb4 Qxb4 18.
axb4 h6 19. Bxf6 exf6 20. e3 Bf8 21. Ne1 Bxb4 22. Bxd5 Rxd5 23. Nd3 Rb5 24. Rc4 Bd6 25. Kf1 a3 26. bxa3 Rxa3 27. Rd2 f5 28. h4 h5 29. Ke2 Kg7 30. Rdc2 Kf6 31. Nc5 Bxc5 32.
Rxc5 Rxc5 33. Rxc5 Ke6 34. Re5+ Kd7 35. Rc5 Ra2+ 36.
Ke1 Kd6 37. Re5 b5 38. Re8 b4 39. Rb8 Rb2 40. Rb7 b3 41. Kf1 Ke6 42. Kg2 Rb1 43. Kf3 f6 44. Ke2 Kd5 45. Rf7 Ra1 46. Rb7 Kc4 47. Rb6 Ra2+ 48. Ke1 b2 0-1

[Event "*** Titled Tuesday Blitz"]
[Site "Chess.com"]
[Date "2021.03.30"]
[Round "6"]
[White "Kale36"]
[Black "UKR_Master"]
[Result "0-1"]
[WhiteElo "2397"]
[BlackElo "2569"]
[TimeControl "180+1"]
[EndTime "11:05:53 PDT"]
[Termination "UKR_Master won on time"]

1. d4 Nf6 2. Nc3 d5 3. Bg5 e6 4. e4 Be7 5. Bxf6 Bxf6 6. e5 Be7 7. Bd3 c5 8. dxc5 Nd7 9. Nf3 Nxc5 10. Bb5+ Bd7 11.
Qe2 Rc8 12. O-O a6 13. Bxd7+ Qxd7 14. Rfd1 b5 15. a3 Qc7 16. Nd4 Nd7 17. f4 Qb6 18.
Kh1 Rc4 19. Qe3 Bc5 20. Nce2 Rxc2 21. Qb3 Rc4 22. Qd3 Bxd4 23. Nxd4 Nc5 24. Qg3 Ne4 25.
Qxg7 Rf8 26. Rac1 Rxc1 27. Rxc1 Qxd4 28. Rc8+ Kd7 29. Rd8+ Kc7 0-1

[Event "*** Titled Tuesday Blitz"]
[Site "Chess.com"]
[Date "2021.03.30"]
[Round "6"]
[White "KNVB"]
[Black "MergenKakabaev"]
[Result "0-1"]
[WhiteElo "2640"]
[BlackElo "2383"]
[TimeControl "180+1"]
[EndTime "11:05:53 PDT"]
[Termination "MergenKakabaev won on time"]

1. e4 e5 2. Nf3 Nc6 3. Bb5 a6 4. Ba4 Nf6 5. O-O Be7 6. Re1 b5 7.
Bb3 d6 8. c3 O-O 9. h3 Na5 10.
Bc2 c5 11. d4 Qc7 12. d5 Bd7 13. b3 c4 14. Be3 Ne8 15. b4 Nb7 16. Nbd2 g6 17. a4 Ng7 18. a5 f6 19. Nh2 Nd8 20. g4 Nf7 21. Nhf1 f5 22. exf5 gxf5 23. gxf5 Nxf5 24. Qh5 Qc8 25. Ng3 Nd8 26. Kh2 Kh8 27. Rg1 Rf7 28. Nxf5 Bxf5 29. Ne4 Qd7 30. Ng5 Bxg5 31.
Rxg5 Bxc2 32. Rag1 Nb7 33. R5g4 Qf5 0-1

[Event "*** Titled Tuesday Blitz"]
[Site "Chess.com"]
[Date "2021.03.30"]
[Round "6"]
[White "esteban062000"]
[Black "Ladislav1969"]
[Result "0-1"]
[WhiteElo "2170"]
[BlackElo "2329"]
[TimeControl "180+1"]
[EndTime "11:05:53 PDT"]
[Termination "Ladislav1969 won by resignation"]

1. Nf3 c5 2. c4 Nc6 3. g3 g6 4. Bg2 Bg7 5. O-O e5 6. d3 Nge7 7. Nc3 O-O 8. b3 e4 9. Bb2 exf3 10.
Bxf3 d6 11. Rc1 Bh3 12. Re1 Re8 13. Qd2 Rb8 14. Ne4 Nd4 15. Bh1 Nec6 16. e3 Nf5 17. Bxg7 Nxg7 18. Qc3 Nh5 19. Bf3 Bf5 20. Bxh5 Bxe4 21.
Bg4 Ne5 22. Be2 Nf3+ 23. Bxf3 Bxf3 24. e4 Qd7 25. d4 Bxe4 26. dxc5 dxc5 27. Qf6 Qf5 28.
Qd6 Qf3 29. Rxe4 Qxe4 30. Rd1 Rbd8 31. Qxd8 Rxd8 32. Rxd8+ Kg7 33. Rd7 a6 34. Rd5 Qb1+ 35. Kg2 Qxa2 36. Rd3 Qc2 37. Rf3 Qe4 38. h3 h5 39. g4 h4 0-1

[Event "*** Titled Tuesday Blitz"]
[Site "Chess.com"]
[Date "2021.03.30"]
[Round "6"]
[White "Balla_Tamas"]
[Black "chessdjw"]
[Result "1-0"]
[WhiteElo "2544"]
[BlackElo "2770"]
[TimeControl "180+1"]
[EndTime "11:05:54 PDT"]
[Termination "Balla_Tamas won by resignation"]

1. e4 e5 2. Nf3 Nc6 3. d4 exd4 4. Nxd4 Nf6 5. Nxc6 bxc6 6. e5 Qe7 7. Qe2 Nd5 8. c4 Nb6 9. Nd2 g6 10. b3 Bg7 11. Bb2 O-O 12. g3 Re8 13. f4 d6 14.
Nf3 Nd7 15. Bg2 dxe5 16. fxe5 Nxe5 17. Nxe5 Bxe5 18. Bxe5 Qxe5 19. Qxe5 Rxe5+ 20. Kd2 Bd7 21. Rhe1 Rae8 22. Rxe5 Rxe5 23. b4 c5 24. b5 Be6 25. Rc1 f5 26. Rc3 g5 27. Bf1 Re4 28. Ra3 Bxc4 29. Bxc4+ Rxc4 30. Rxa7 Rb4 31. a4 Rb3 32. Rxc7 Rb4 33. Rxc5 Rxa4 34. Rxf5 h6 35. Kc3 Kg7 36. b6 Ra8 37. Kb4 Kg6 38. g4 h5 39.
h3 hxg4 40. hxg4 Ra1 41. Rb5 Ra8 42. b7 Rb8 43. Ka5 Kf6 44. Kb6 Re8 45. Ka7 Re7 46. Ka8 Re1 47. b8=Q Ra1+ 48. Kb7 1-0

[Event "*** Titled Tuesday Blitz"]
[Site "Chess.com"]
[Date "2021.03.30"]
[Round "6"]
[White "chesslh19"]
[Black "GiorgianBarbosa"]
[Result "1-0"]
[WhiteElo "2244"]
[BlackElo "2404"]
[TimeControl "180+1"]
[EndTime "11:05:54 PDT"]
[Termination "chesslh19 won by checkmate"]

1. e4 c5 2. Nf3 d6 3. d4 cxd4 4. Nxd4 Nf6 5. Nc3 a6 6. Be2 e5 7. Nb3 Be6 8. f4 exf4 9. Bxf4 Be7 10. Nd4 Nc6 11. Nxe6 fxe6 12. Bc4 e5 13. Be3 Qa5 14. O-O Qb4 15. Bb3 Nxe4 16. Nd5 Qa5 17. Bb6 Qd2 18. Nc7+ Kd8 19. Nxa8+ Kc8 20. Qg4+ Kb8 21. Qxe4 Kxa8 22.
Rad1 Qg5 23. Be3 Qh5 24. Bd5 Nd8 25. c4 Qe8 26. b4 Qa4 27. c5 dxc5 28. bxc5 Qe8 29.
Rb1 Qd7 30. Rfd1 Qc7 31. Qf3 h5 32. c6 bxc6 33. Be4 g5 34. Bb6 Qc8 35. Bxd8 Bc5+ 36.
Kh1 Rxd8 37. Bxc6+ Ka7 38. Rxd8 Qxd8 39. Rb7+ Ka8 40. Rd7+ Kb8 41. Rxd8+ Kc7 42. Rd1 Bd4 43. Qd5 Kb6 44. Rxd4 Kc7 45. Qxe5+ Kxc6 46. Qd5+ Kb6 47. Qd6+ Ka5 48. Rd5+ Ka4 49. Qxa6+ Kb4 50. Rb5+ Kc3 51. Qc6+ Kd4 52. Rd5+ Ke4 53. Qe6+ Kf4 54. Rf5+ Kg4 55. Qe4# 1-0

[Event "*** Titled Tuesday Blitz"]
[Site "Chess.com"]
[Date "2021.03.30"]
[Round "6"]
[White "LionTheLeon_06"]
[Black "CM_rui"]
[Result "1-0"]
[WhiteElo "2696"]
[BlackElo "2447"]
[TimeControl "180+1"]
[EndTime "11:05:55 PDT"]
[Termination "LionTheLeon_06 won on time"]

1. b3 Nf6 2. Bb2 g6 3. Nf3 Bg7 4. e3 O-O 5. Be2 d5 6. c4 c5 7. cxd5 Nxd5 8. Bxg7 Kxg7 9. a3 Nc6 10. Qc2 e5 11. d3 Qf6 12. Ra2 b6 13. Nbd2 Qe7 14.
O-O f5 15. b4 cxb4 16. Qxc6 Bb7 17. Qc2 Nc3 18. Re1 Rac8 19. Qb2 Nxa2 20. Qxa2 bxa3 21. Nc4 e4 22. dxe4 fxe4 23. Nd4 Qf7 24. Rf1 Bd5 25. Qa1 Kg8 26. Nd6 Qc7 27. Nxc8 Rxc8 28. Qxa3 1-0

[Event "*** Titled Tuesday Blitz"]
[Site "Chess.com"]
[Date "2021.03.30"]
[Round "6"]
[White "Jungle_Jaguar"]
[Black "Gnechko_Ruslan"]
[Result "1-0"]
[WhiteElo "2603"]
[BlackElo "2461"]
[TimeControl "180+1"]
[EndTime "11:05:55 PDT"]
[Termination "Jungle_Jaguar won by checkmate"]

1. b3 e5 2. Bb2 d6 3. e3 Nf6 4.
c4 g6 5. g3 Bg7 6. Bg2 O-O 7.
Nf3 Nc6 8. d3 Bg4 9. Nbd2 Qd7 10. h3 Bf5 11. e4 Be6 12. Nf1 Ne8 13. Ng5 Nd4 14. Ne3 a5 15. Nd5 Bxd5 16. cxd5 h6 17. Nf3 Nxf3+ 18. Bxf3 f5 19. O-O Nf6 20. Kh2 a4 21. Rc1 axb3 22. Qxb3 fxe4 23. dxe4 c5 24. dxc6+ Qf7 25. cxb7 Rab8 26. Rc7 Qxb3 27. axb3 Rf7 28. Rc8+ Rf8 29. Ba3 Rxb7 30. Rc3 Rb6 31. Rd1 Rfb8 32. Rdd3 Bf8 33. Kg2 Kf7 34. Bc1 Ke6 35. Be3 Rb4 36. Bd2 Nxe4 37. Bg4+ Kf6 38. Rf3+ Kg7 39. Rc7+ Kg8 40. Bxb4 Rxb4 41. Be6+ Kh8 42. Rxf8# 1-0

[Event "*** Titled Tuesday Blitz"]
[Site "Chess.com"]
[Date "2021.03.30"]
[Round "6"]
[White "Supernotar"]
[Black "adricalderon8"]
[Result "1-0"]
[WhiteElo "2711"]
[BlackElo "2514"]
[TimeControl "180+1"]
[EndTime "11:05:56 PDT"]
[Termination "Supernotar won on time"]

1. d4 Nf6 2. c4 b6 3. Nf3 Bb7 4. Nbd2 e6 5. g3 c5 6. dxc5 Bxc5 7. Bg2 O-O 8. O-O Nc6 9. a3 a5 10. b3 Qe7 11. Bb2 Rad8 12. Qc2 d5 13. cxd5 exd5 14. e3 d4 15. exd4 Nxd4 16. Nxd4 Bxg2 17. Kxg2 Bxd4 18.
Bxd4 Rxd4 19. Nf3 Qb7 20. Rad1 Rfd8 21. Rxd4 Rxd4 22. Rd1 Rxd1 23. Qxd1 g6 24. Qd8+ Kg7 25. Qd4 b5 26. g4 h6 27. h4 g5 28. hxg5 hxg5 29.
Qe5 Qc6 30. Qxg5+ Kf8 31. Qh6+ Ke8 32. g5 Qe6 33. Qxf6 Qxb3 34. Ne5 Qd5+ 35. f3 b4 36. axb4 axb4 37. Nc6 Qd2+ 38. Kh3 Qd7+ 39. Kh4 Qe6 40. Qxe6+ 1-0

[Event "*** Titled Tuesday Blitz"]
[Site "Chess.com"]
[Date "2021.03.30"]
[Round "6"]
[White "Chopper1905"]
[Black "aunqa"]
[Result "1-0"]
[WhiteElo "2914"]
[BlackElo "2250"]
[TimeControl "180+1"]
[EndTime "11:05:56 PDT"]
[Termination "Chopper1905 won by resignation"]

1. d4 f5 2. Nc3 Nf6 3. Bg5 e6 4. e4 fxe4 5. Nxe4 Be7 6. Bxf6 Bxf6 7. Nf3 O-O 8. Bd3 b6 9. h4 Bb7 10. Nfg5 h6 11. Nh7 Kxh7 12. Nxf6+ Kh8 13. Ne4 Nc6 14.
c3 Ne7 15. Qe2 Qe8 16. O-O-O Nd5 17. g3 Qf7 18. f4 a5 19. Kb1 a4 20. a3 Ra5 21.
Ka1 Qe7 22. Rh2 Nf6 23. Ng5 c5 24. Bb1 cxd4 25. Rxd4 Bd5 26. Qd3 Rc8 27. Nh7 Ng4 28. Re2 Qc5 29. Nf8 Nf6 30. Nxd7 Qe7 31. Nxf6 gxf6 32. Rxd5 1-0

[Event "*** Titled Tuesday Blitz"]
[Site "Chess.com"]
[Date "2021.03.30"]
[Round "6"]
[White "Keks2017"]
[Black "DFeco"]
[Result "1-0"]
[WhiteElo "2485"]
[BlackElo "2316"]
[TimeControl "180+1"]
[EndTime "11:05:58 PDT"]
[Termination "Keks2017 won on time"]

1. e4 e5 2. Nf3 b6 3. d4 exd4 4. Nxd4 Bb7 5. Nc3 Nc6 6. Nf5 g6 7. Ne3 Bg7 8. Be2 Nge7 9. O-O O-O 10. Kh1 Kh8 11. f4 f5 12. exf5 Nxf5 13. Nxf5 gxf5 14.
Bf3 Qc8 15. Be3 d6 16. Qd2 Ne7 17. Bd4 Bxf3 18. Bxg7+ Kxg7 19. Rxf3 Ng6 20. Re1 Qd7 21. Qd4+ Kg8 22. Nd5 Qf7 23. Rfe3 c6 24. Ne7+ Nxe7 25. Rxe7 Qf6 26. Qxf6 Rxf6 27. Rc7 d5 28. Ree7 Rg6 29. g3 h6 30. Kg2 a6 31. Kh3 Rd8 32. Kh4 d4 33. Kh5 Rf6 34. Rg7+ Kf8 35. Rh7 Kg8 36.
Rxh6 Rxh6+ 37. Kxh6 Rd6+ 38. Kg5 c5 39. Kxf5 d3 40. cxd3 Rxd3 41. g4 Rd2 42. g5 Rxh2 43.
Kf6 Rd2 44. g6 Rd6+ 45. Kg5 Rd1 46. f5 b5 47. f6 Rg1+ 48. Kf5 Rf1+ 49. Ke5 Re1+ 50.
Kd5 1-0

[Event "*** Titled Tuesday Blitz"]
[Site "Chess.com"]
[Date "2021.03.30"]
[Round "6"]
[White "LastHeroJr"]
[Black "Zmeeed63"]
[Result "1-0"]
[WhiteElo "2557"]
[BlackElo "2344"]
[TimeControl "180+1"]
[EndTime "11:05:59 PDT"]
[Termination "LastHeroJr won by resignation"]

1. e4 Nc6 2. Nf3 d6 3. d4 Bg4 4. c3 Nf6 5. Bd3 g6 6. O-O Bg7 7. Nbd2 O-O 8. h3 Bxf3 9. Nxf3 e5 10. Re1 Qd7 11. Bb5 a6 12. Bxc6 Qxc6 13. dxe5 dxe5 14. Nxe5 Qe6 15. f4 Nh5 16. Nf3 Bh6 17. Nd4 Qb6 18.
Qf3 Rfe8 19. Kh2 c5 20. Nc2 Qc7 21. g3 Rad8 22. Be3 Rd3 23. Rad1 Red8 24. e5 Qa5 25. Qe2 c4 26. Nb4 Rxd1 27. Rxd1 Rxd1 28. Qxd1 Qc7 29. Nd5 Qc6 30. Ne7+ 1-0

[Event "*** Titled Tuesday Blitz"]
[Site "Chess.com"]
[Date "2021.03.30"]
[Round "6"]
[White "2nd_life"]
[Black "Zq1"]
[Result "1-0"]
[WhiteElo "2410"]
[BlackElo "2529"]
[TimeControl "180+1"]
[EndTime "11:05:59 PDT"]
[Termination "2nd_life won by resignation"]

1. e4 c5 2. Nf3 d6 3. Bb5+ Bd7 4. c4 Nc6 5. Nc3 Nf6 6. O-O g6 7. Bxc6 Bxc6 8. d4 cxd4 9. Nxd4 Bg7 10. f3 O-O 11.
Be3 Rc8 12. Qd2 b6 13. Bh6 Bxh6 14. Qxh6 Bb7 15. b3 a6 16. a4 Qc7 17. Qe3 e6 18.
Rac1 Rfe8 19. Rfd1 Qc5 20. Nc2 d5 21. e5 Nd7 22. f4 Qxe3+ 23. Nxe3 Nc5 24. cxd5 Nxb3 25. d6 Red8 26. Rc2 Nc5 27. Rb1 Ne4 28. Nxe4 Bxe4 29. Rxc8 Rxc8 30. Rxb6 h5 31. Kf2 Rc3 32. d7 1-0

[Event "*** Titled Tuesday Blitz"]
[Site "Chess.com"]
[Date "2021.03.30"]
[Round "6"]
[White "Arvids_Andrejevs"]
[Black "Cocaino74"]
[Result "1-0"]
[WhiteElo "2443"]
[BlackElo "2276"]
[TimeControl "180+1"]
[EndTime "11:05:59 PDT"]
[Termination "Arvids_Andrejevs won by resignation"]

1. e4 c5 2. c3 g6 3. d4 cxd4 4. cxd4 d5 5. exd5 Nf6 6. Nc3 Bg7 7.
g3 Nxd5 8. Bg2 Nb6 9. Nge2 Nc6 10. Be3 Bg4 11. h3 Bxe2 12. Nxe2 O-O 13. O-O Nc4 14.
Qb3 Nxe3 15. fxe3 Qb6 16. Qxb6 axb6 17. Nc3 Rfd8 18. a3 e6 19. Rac1 Na5 20. Nb5 Rac8 21. b4 Nb3 22. Rxc8 Rxc8 23. Bxb7 Rc2 24. Nd6 Bh6 25. Nxf7 Bxe3+ 26. Kh1 Nxd4 27. Ne5 Nf5 28. Rf3 Nxg3+ 29. Rxg3 Bf4 30. Rd3 Bxe5 31. Re3 Rc1+ 32.
Kg2 Bd4 33. Rxe6 Rc3 34. a4 Ra3 35. Bc6 Bc3 36. Re4 Rb3 37. Bd5+ Kg7 38. Bxb3 1-0

[Event "*** Titled Tuesday Blitz"]
[Site "Chess.com"]
[Date "2021.03.30"]
[Round "6"]
[White "Volodar_Murzin"]
[Black "OparinGrigoriy"]
[Result "0-1"]
[WhiteElo "2759"]
[BlackElo "2987"]
[TimeControl "180+1"]
[EndTime "11:06:01 PDT"]
[Termination "OparinGrigoriy won on time"]

1. e4 c5 2. Nf3 d6 3. Bb5+ Bd7 4. Bxd7+ Nxd7 5. O-O Ngf6 6. Re1 e6 7. c3 Be7 8. d4 O-O 9. Bf4 Rc8 10. Nbd2 cxd4 11. cxd4 Qb6 12. Qa4 Rfd8 13. Nc4 Qc6 14. Qxc6 Rxc6 15.
Na5 Rb6 16. b3 d5 17. exd5 Nxd5 18. Bd2 Rb8 19. Nc4 Rc6 20. a4 Rbc8 21. a5 h6 22. g3 b5 23. axb6 axb6 24. Ra7 R6c7 25. Rxc7 Rxc7 26. Rc1 b5 27. Na5 Rxc1+ 28. Bxc1 Kf8 29.
Kf1 Bd6 30. Nc6 Ke8 31. Bd2 N7b6 32. Ke2 f6 33. Na7 Nc7 34. Ba5 Nbd5 35. Nc6 Kd7 36. Nb8+ Kc8 37. Nc6 b4 38. Nd2 Nb5 39.
Nc4 Kd7 40. Nxd6 Kxc6 41. Nxb5 Kxb5 42. Bd8 f5 43. Kd3 g6 44. h4 Nc3 45. Bf6 Ne4 46.
Bg7 Nxf2+ 47. Ke3 Ng4+ 48. Kd3 g5 0-1

[Event "*** Titled Tuesday Blitz"]
[Site "Chess.com"]
[Date "2021.03.30"]
[Round "6"]
[White "Genghis_K"]
[Black "anon102030"]
[Result "1-0"]
[WhiteElo "2948"]
[BlackElo "2735"]
[TimeControl "180+1"]
[EndTime "11:06:01 PDT"]
[Termination "Genghis_K won by checkmate"]

1. e4 e5 2. Nf3 Nc6 3. Bb5 Nge7 4.
Nc3 d6 5. d4 Bd7 6. d5 Nb8 7.
a4 Ng6 8. h4 h5 9. Ng5 Be7 10.
Qf3 Bf6 11. Be3 Na6 12. g3 Qe7 13. Qf5 O-O-O 14. Bxd7+ Rxd7 15. Nb5 Bxg5 16. Bxg5 f6 17. Qxg6 fxg5 18. Qxg5 Qxg5 19. hxg5 Rf7 20. Nxa7+ Kb8 21.
Nb5 Nc5 22. Rh4 Rhf8 23. b4 Rxf2 24. bxc5 Rf1+ 25. Kd2 Rxa1 26. cxd6 cxd6 27. Nxd6 Rf2+ 28. Kc3 Rxa4 29. Rxh5 Ra3+ 30. Kb4 Rxg3 31. c4 Kc7 32. Nb5+ Kd7 33. c5 Rb2+ 34. Kc4 Rg1 35. Rh7 Rc1+ 36. Nc3 Rbc2 37. Rxg7+ Kc8 38. d6 Rxc3+ 39. Kd5 Rxc5+ 40. Ke6 Rd1 41. Rg8# 1-0